 Dungeon Crawl Stone Soup version 0.20.1-1-g8b1a95d (webtiles) character file.

804 Inarius the Grave Robber (level 7, -10/52 HPs)
             Began as a Demonspawn Necromancer on July 15, 2017.
             Mangled by a two-headed ogre
             ... wielding a +0 giant club
              (12 damage)
             ... on level 6 of the Dungeon.
             The game lasted 00:18:31 (5895 turns).

Inarius the Grave Robber (Demonspawn Necromancer)   Turns: 5895, Time: 00:18:32

Health: -10/52     AC:  8    Str:  9    XL:     7   Next: 60%
Magic:  10/13      EV:  8    Int: 18    God:
Gold:   151        SH:  0    Dex: 13    Spells: 2/14 levels left

rFire    . . .     SeeInvis +   e - +0 short sword
rCold    . . .     Gourm    .   (no shield)
rNeg     . . .     Faith    .   C - +0 ring mail
rPois    .         Spirit   .   (no helmet)
rElec    .         Reflect  .   (no cloak)
rCorr    .         Harm     .   (no gloves)
MR       .....                  (no boots)
Stlth    +.........             (no amulet)
Regen    0.2/turn               a - ring of see invisible
MPRegen  0.2/turn               (no ring)

@: about to teleport, constricted
A: hooves 1, yellow scales 2
a: no special abilities


You were on level 6 of the Dungeon.
You were hungry.

You visited 1 branch of the dungeon, and saw 6 of its levels.

You collected 151 gold pieces.

Inventory:

Hand Weapons
 e - a +0 short sword (weapon)
Armour
 m - a +0 leather armour
 u - a +0 scale mail
 C - a +0 ring mail (worn)
Jewellery
 a - a ring of see invisible (left hand)
Wands
 w - a wand of scattershot (6/9)
 B - a wand of flame (23/48)
Scrolls
 g - a scroll of blinking {unknown}
 l - a scroll of enchant armour {unknown}
 o - a scroll of fear {unknown}
 p - a scroll of amnesia {unknown}
 q - a scroll of fog {unknown}
 r - a scroll of noise {unknown}
 s - 2 scrolls of remove curse
 v - a scroll of enchant weapon {unknown}
 y - 3 scrolls of magic mapping
 z - a scroll of teleportation
Potions
 f - a potion of heal wounds
 h - a potion of cancellation
 k - 3 potions of flight {unknown}
 t - a potion of lignification
 x - a potion of brilliance
 A - a potion of magic {unknown}
 D - a potion of curing {unknown}
Books
 b - a book of Necromancy

   Spells                             Type                      Level
   a - Pain                           Necromancy                   1
   b - Animate Skeleton               Necromancy                   1
   c - Vampiric Draining              Necromancy                   3
   d - Regeneration                   Charms/Necromancy            3
   e - Animate Dead                   Necromancy                   4
   f - Control Undead                 Necromancy                   4
 n - a book of Changes

   Spells                             Type                      Level
   a - Beastly Appendage              Transmutation                1
   b - Sticks to Snakes               Transmutation                2
   c - Spider Form                    Transmutation/Poison         3
   d - Ice Form                       Ice/Transmutation            4
   e - Blade Hands                    Transmutation                5
 E - a book of Frost

   Spells                             Type                      Level
   a - Freeze                         Ice                          1
   b - Throw Frost                    Conjuration/Ice              2
   c - Ozocubu's Armour               Charms/Ice                   3
   d - Throw Icicle                   Conjuration/Ice              4
   e - Summon Ice Beast               Ice/Summoning                4
Comestibles
 c - 3 bread rations
 d - 6 chunks of flesh
 i - 4 fruits
 j - a royal jelly
 F - a meat ration


   Skills:
 * Level 3.2 Fighting
 + Level 2.6 Armour
 + Level 2.6 Dodging
 - Level 1.7 Stealth
 + Level 4.0 Spellcasting
 + Level 1.1 Charms
 * Level 7.1 Necromancy


You had 2 spell levels left.
You knew the following spells:

 Your Spells              Type           Power        Failure   Level  Hunger
a - Pain                  Necr           ####         1%          1    None
b - Animate Skeleton      Necr           N/A          1%          1    None
c - Vampiric Draining     Necr           ####......   6%          3    ###....
d - Regeneration          Chrm/Necr      ###.......   22%         3    ###....
e - Animate Dead          Necr           N/A          21%         4    ####...


Dungeon Overview and Level Annotations

Branches:
Dungeon (6/15)
 Temple: D:4-7

Altars:
Gozag
Hepliaklqana
Nemelex Xobeh
Okawaru
Trog
Uskayaw
Xom
Zin

Annotations:
D:4 MrModeste's ghost, novice MiFi


Innate Abilities, Weirdness & Mutations

You have large cloven feet.
You are mostly covered in yellow scales. (AC +3)


Message History

* * * LOW HITPOINT WARNING * * *
The ball python constricts you. The two-headed ogre barely misses you.
The two-headed ogre closely misses you.
You escape the ball python's grasp.
The ball python barely misses you. The ball python closely misses you.
As you read the scroll labeled GULIWODOTEI, it crumbles to dust.
You feel strangely unstable.
It was a scroll of teleportation.
The ball python bites you but does no damage.
The ball python grabs you. The ball python constricts you.
Casting: Vampiric Draining
Confirm with . or Enter, or press ? or * to list all spells.
Aiming: Vampiric Draining
Press: ? - help, Shift-Dir - straight line, f - two-headed ogre
Aim: a two-headed ogre, wielding two giant clubs (lightly wounded)
The two-headed ogre is moderately wounded.
You feel life coursing into your body.
The two-headed ogre hits you with a giant club!
* * * LOW HITPOINT WARNING * * *
The two-headed ogre hits you with a giant club!
You die...

#########
#@O<....#
#S##.##.#
######.#...#.##
...(.S...........
.#####..#...#.###
#........#
#.....####
#.###.# #. #+#


You could see a two-headed ogre and a ball python.

Vanquished Creatures
  Sigmund (D:5)
  An ice beast (D:5)
  An ogre (D:5)
  Blork the orc (D:4)
  2 orc priests
  An orc wizard (D:3)
  Natasha (thrice) (D:3)
  3 worker ants
  Ijyb (D:3)
  A hound skeleton (D:4)
  7 adders
  2 shadow imps (D:5)
  An ooze (D:1)
  A worm (D:2)
  2 dart slugs (D:1)
  5 leopard geckos
  6 orcs
  2 ball pythons
  3 giant cockroaches
  2 goblins
  7 hobgoblins
  A jackal (D:5)
  6 kobolds
  A quokka (D:5)
  5 bats
  6 frilled lizards
  9 rats
81 creatures vanquished.

Vanquished Creatures (collateral kills)
  A jelly (D:5)
  An adder zombie (D:5)
  An orc (D:3)
  3 hobgoblins
  A jackal (D:5)
  A quokka (D:3)
  A frilled lizard (D:1)
9 creatures vanquished.

Grand Total: 90 creatures vanquished

Notes
Turn   | Place    | Note
-------+----------+-------------------------------------------
     0 | D:1      | Inarius the Demonspawn Necromancer began the quest for the Orb.
     0 | D:1      | Reached XP level 1. HP: 13/13 MP: 3/3
   203 | D:1      | Learned a level 1 spell: Animate Skeleton
   222 | D:1      | Gained mutation: You are partially covered in yellow scales. (AC +2) [demonic ancestry]
   222 | D:1      | Reached XP level 2. HP: 10/20 MP: 5/5
  1159 | D:1      | Reached skill level 1 in Armour
  1671 | D:2      | Gained mutation: You have large cloven feet. [demonic ancestry]
  1671 | D:2      | Reached XP level 3. HP: 25/25 MP: 6/6
  1796 | D:2      | Learned a level 3 spell: Vampiric Draining
  1817 | D:2      | Reached skill level 1 in Fighting
  1921 | D:2      | Found a bloodstained altar of Trog.
  2416 | D:3      | Noticed Natasha
  2424 | D:3      | Killed Natasha
  2424 | D:3      | Reached XP level 4. HP: 21/32 MP: 3/7
  2455 | D:3      | Found an iron altar of Okawaru.
  2457 | D:3      | Noticed Natasha
  2468 | D:3      | Killed Natasha
  2468 | D:3      | Reached skill level 5 in Necromancy
  2687 | D:3      | Noticed Ijyb
  2696 | D:3      | Killed Ijyb
  3224 | D:3      | Noticed Natasha
  3230 | D:3      | Killed Natasha
  3230 | D:3      | Gained mutation: You are mostly covered in yellow scales. (AC +3) [demonic ancestry]
  3230 | D:3      | Reached XP level 5. HP: 29/38 MP: 2/9
  3412 | D:3      | Found a glowing silver altar of Zin.
  3414 | D:3      | Found an iron altar of Okawaru.
  3414 | D:3      | Found an opulent altar of Gozag.
  3416 | D:3      | Found a shimmering altar of Xom.
  3416 | D:3      | Found a sparkling altar of Nemelex Xobeh.
  3416 | D:3      | Found a hide-covered altar of Uskayaw.
  3621 | D:4      | Noticed Blork the orc
  3637 | D:4      | Killed Blork the orc
  3648 | D:4      | Learned a level 3 spell: Regeneration
  4106 | D:4      | Reached XP level 6. HP: 15/46 MP: 0/10
  4519 | D:4      | Noticed MrModeste's ghost (novice MiFi)
  4939 | D:3      | Reached skill level 6 in Necromancy
  5317 | D:5      | Entered Level 5 of the Dungeon
  5323 | D:5      | Reached skill level 1 in Charms
  5378 | D:5      | Noticed an ice beast
  5387 | D:5      | Killed an ice beast
  5387 | D:5      | Reached XP level 7. HP: 50/52 MP: 12/12
  5481 | D:5      | Found a hazy altar of Hepliaklqana.
  5688 | D:5      | Noticed Sigmund
  5707 | D:5      | Killed Sigmund
  5707 | D:5      | Reached skill level 7 in Necromancy
  5781 | D:5      | Learned a level 4 spell: Animate Dead
  5826 | D:5      | Noticed a two-headed ogre
  5895 | D:6      | HP: 2/52 [two-headed ogre/giant club (9)]
  5895 | D:6      | Mangled by a two-headed ogre

Skill      XL: |  1  2  3  4  5  6  7 |
---------------+----------------------+-----
Armour         | 1 2 |  2.6
Fighting       | 1 2 3 |  3.2
Dodging        | 2 |  2.6
Necromancy     | 5 6 7 |  7.1
Spellcasting   | 3 4 |  4.0
Charms         | 1 |  1.1
Stealth        | |  1.7

Action                   |  1- 3 |  4- 6 |  7- 9 || total
-------------------------+-------+-------+-------++-------
Melee: Short sword       |   113 |   118 |    55 ||   286
       Kick              |     5 |    26 |    12 ||    43
 Cast: Pain              |    17 |    31 |     9 ||    57
       Animate Skeleton  |    18 |    13 |     7 ||    38
       Vampiric Draining |     2 |    17 |     6 ||    25
       Regeneration      |       |     1 |     1 ||     2
  Use: Scroll            |       |     5 |     2 ||     7
       Potion            |       |       |     1 ||     1
 Stab: Sleeping          |     5 |       |       ||     5
       Distracted        |     1 |       |       ||     1
  Eat: Chunk             |     5 |     7 |     2 ||    14
       Bread ration      |       |     1 |       ||     1
Armor: Robe              |    12 |       |       ||    12
       Leather armour    |    21 |    29 |       ||    50
       Ring mail         |       |    26 |    22 ||    48
Dodge: Dodged            |    82 |   101 |    56 ||   239
